Cogmind - Beta 10.2 @@@ ROGUE MODE // 2021.03.22 @ 14:26:21 Player: cavemonk Result: Destroyed by DAS Turret with DAS Cannon Performance ------------- Evolutions (0) 0 Regions Visited (3) 600 Robots Destroyed (29) 145 Value Destroyed (599) 599 Prototype IDs (27) 540 Alien Tech Used (0) 0 Bonus (300) 300 TOTAL SCORE: 2184 Bonus ------- Aligned with FarCom 300 Cogmind --------- Core Integrity 0/250 Matter 276/300 Energy 250/250 System Corruption 3% Temperature Cool (3) Movement Treading (160) Location -10/Exiles Parts ------- > --- POWER (1) -------- Ion Engine > --- PROPULSION (2) --- Light Treads Light Treads > --- UTILITY (2) ------ Large Storage Unit Experimental Sensor Array > --- WEAPON (2) ------- Autogun Autogun > --- INVENTORY (10) --- Light Treads Medium Storage Unit Large Storage Unit Compact Matter Pod (150) Compact Matter Pod (150) Light Armor Plating Light Armor Plating Hacking Suite Autogun Autogun Peak State ------------ > --- POWER ------------ Ion Engine > --- PROPULSION ------- Light Treads Light Treads > --- UTILITY ---------- Large Storage Unit Experimental Sensor Array > --- WEAPON ----------- Autogun Autogun > --- INVENTORY -------- Light Treads Medium Storage Unit Large Storage Unit Large Matter Pod Light Armor Plating Light Armor Plating Hacking Suite Light EM Pulse Cannon Autogun Autogun [Rating: 15] Favorites ----------- Power Ion Engine Engine Ion Engine Propulsion Light Treads Treads Light Treads Leg Aluminum Leg Wheel Wheel Utility Large Storage Unit Device Experimental Sensor Array Storage Large Storage Unit Protection Light Armor Plating Weapon Autogun Energy Gun Medium Laser Energy Cannon Light EM Pulse Cannon Ballistic Gun Autogun Build | -11 -10 -10 -10 ------- Run | Scr Mat Min Exi Slots Evolved . | . . . . Power . | . . . . Propulsion . | . . . . Utility . | . . . . Weapon . | . . . . Parts Attached 28 | 6 21 1 . Power 3 | . 3 . . Engine 3 | . 3 . . Core . | . . . . Reactor . | . . . . Propulsion 11 | 3 8 . . Treads 8 | 1 7 . . Leg 1 | 1 . . . Wheel 2 | 1 1 . . Hover . | . . . . Flight . | . . . . Utility 6 | 2 3 1 . Device 4 | 2 1 1 . Storage 1 | . 1 . . Processor . | . . . . Hackware . | . . . . Protection 1 | . 1 . . Artifact . | . . . . Weapon 8 | 1 7 . . Energy Gun 1 | 1 . . . Energy Cannon 2 | . 2 . . Ballistic Gun 5 | . 5 . . Ballistic Cannon . | . . . . Launcher . | . . . . Special Weapon . | . . . . Impact Weapon . | . . . . Slashing Weapon . | . . . . Piercing Weapon . | . . . . Special Melee Weapon . | . . . . Unidentified Prototypes 1 | . . 1 . Parts Lost . | . . . . Power . | . . . . Propulsion . | . . . . Utility . | . . . . Weapon . | . . . . Highest Loss Streak . | . . . . Average Slot Usage (%) 99 | . 99 100 100 Engine 14 | . 14 14 14 Treads 26 | . 24 28 28 Wheel 1 | . 3 . . Device 7 | . 5 8 14 Storage 14 | . 14 14 14 Protection 6 | . 7 5 . Energy Gun 3 | . 6 . . Energy Cannon 2 | . 4 . . Ballistic Gun 22 | . 16 28 28 Naked Turns . | . . . . Heaviest Build 30 | 12 30 30 28 Greatest Support 40 | 20 40 40 40 Greatest Overweight (x) 1 | 1 1 . . Average Overweight (x) . | . . . . Largest Inventory Capacity 10 | 6 10 10 10 Average Capacity 8 | 6 7 10 10 Most Carried 10 | 6 10 10 10 Average Carried 8 | 6 6 9 10 Final Capacity 10 | 6 10 10 10 Final Carried 10 | 6 10 10 10 Class Distribution -------------------- 100% | Mutant Dominant Class ---------------- Mutant | -10/Materials Mutant | -10/Mines Mutant | -10/Exiles Resources | -11 -10 -10 -10 ----------- Run | Scr Mat Min Exi Matter Collected 924 | 260 520 144 . Remotely 10 | 10 . . . Salvage Created 914 | 90 619 205 . Parts 64 | 3 37 24 . Haulers Intercepted 2 | . 2 . . Recyclers Shooed 1 | . 1 . . Parts Field Recycled . | . . . . Retrieved Matter . | . . . . Parts Self-Destructed . | . . . . Prevented . | . . . . Kills | -11 -10 -10 -10 ------- Run | Scr Mat Min Exi Combat Hostiles Destroyed 18 | . 10 8 . Guns 14 | . 6 8 . Cannons 3 | . 3 . . Classes Destroyed 9 | 2 5 2 . Worker 2 | . 2 . . Builder 1 | . . 1 . Tunneler 2 | 1 1 . . Hauler 2 | . 2 . . Recycler 1 | 1 . . . Operator 1 | . 1 . . Watcher 2 | . 2 . . Swarmer 6 | . . 6 . Grunt 12 | . 10 2 . Best Kill Streak 3 | 2 3 3 . Combat Bots Only 3 | . 2 3 . Max Kills in Single Turn 2 | 1 1 2 . Gunslinging . | . . . . Exploded . | . . . . Melee . | . . . . Uniques/NPCs Destroyed . | . . . . Combat | -11 -10 -10 -10 -------- Run | Scr Mat Min Exi Damage Taken 777 | . 343 172 262 Core 294 | . 99 39 156 Absorbed by Shields . | . . . . Core Remaining (%) 100 | 100 . . . Volleys Fired 66 | 3 43 17 3 Largest 2 | 2 2 2 2 Hottest 112 | 90 112 46 46 Shots Fired 129 | 6 83 34 6 Gun 112 | 6 66 34 6 Cannon 17 | . 17 . . Launcher . | . . . . Special . | . . . . Kinetic 78 | . 38 34 6 Thermal 34 | 6 28 . . Explosive . | . . . . Electromagnetic 17 | . 17 . . Robot Hit Streak 13 | 1 13 4 2 Robot Miss Streak 3 | 1 3 3 2 Penetration Max . | . . . . Secondary Targets 1 | . . 1 . Max Gunslinging Chain 1 | . . 1 . Shots Hit Robots 76 | 2 54 17 3 Core Hits 34 | 3 20 10 1 Critical Hits 1 | . 1 . . Critical Kills 1 | . 1 . . Critical Parts Destroyed . | . . . . Melee Attacks . | . . . . Impact . | . . . . Slashing . | . . . . Piercing . | . . . . Sneak Attacks . | . . . . Combat Hostiles . | . . . . Follow-up Attacks . | . . . . Damage Inflicted 1264 | 47 940 245 32 Guns 894 | 47 587 228 32 Cannons 331 | . 331 . . Explosions . | . . . . Melee . | . . . . Ramming 39 | . 22 17 . Kinetic 637 | . 377 228 32 Thermal 257 | 47 210 . . Explosive . | . . . . Electromagnetic 331 | . 331 . . Impact . | . . . . Slashing . | . . . . Piercing . | . . . . Highest Corruption 3 | . . . 3 Average Corruption 1 | . . . 1 Corruption Purged . | . . . . Overload Shots . | . . . . Overflow Damage 10 | . 10 . . Projectiles 10 | . 10 . . Explosions . | . . . . Melee . | . . . . Knockbacks 1 | . 1 . . Impact 1 | . 1 . . Kinetic . | . . . . Secondary . | . . . . Self-Inflicted Damage . | . . . . Shots . | . . . . Rammed 10 | . 7 3 . Targets Rammed 12 | . 9 3 . Kicked . | . . . . Crushed 2 | . 2 . . Highest Temperature 459 | 90 459 53 12 Average Temperature 91 | 48 124 18 6 Received Heat Transfer 222 | . 195 27 . Effects 4 | . 4 . . Shutdowns 1 | . 1 . . Interference 2 | . 2 . . Matter Decay 1 | . 1 . . Siege Activations . | . . . . Robots Corrupted . | . . . . Combat Hostiles . | . . . . Parts Fried 1 | . 1 . . Impact Corruptions . | . . . . Robots Melted 1 | . 1 . . Combat Hostiles 1 | . 1 . . Parts Melted 1 | . 1 . . Heat Transferred 765 | 136 629 . . Parts Sabotaged . | . . . . Parts Stolen . | . . . . Parts Stripped . | . . . . Power Chain Reactions . | . . . . Missiles Intercepted . | . . . . Alert | -11 -10 -10 -10 ------- Run | Scr Mat Min Exi Peak Influence 219 | 10 159 219 . Initial 14 | . 6 14 . Average 47 | 8 44 54 . Maximum Alert Level 1 | . . 1 . Low Security (%) 96 | 100 100 91 . Level 1 3 | . . 8 . Level 2 . | . . . . Level 3 . | . . . . Level 4 . | . . . . Level 5 . | . . . . High Security . | . . . . Max Security . | . . . . Squads Dispatched 2 | . 2 . . Investigation 1 | . 1 . . Extermination . | . . . . Reinforcement 1 | . 1 . . Assault . | . . . . Garrison . | . . . . Intercept . | . . . . Construction Impeded . | . . . . Haulers Reinforced . | . . . . Stealth | -11 -10 -10 -10 --------- Run | Scr Mat Min Exi Distress Signals 3 | . 3 . . Communications Jammed . | . . . . Distress Signals . | . . . . Times Spotted 39 | . 28 8 3 Peak Tracking Total 11 | . 4 3 11 Tactical Retreats 3 | . 2 . 1 Traps | -11 -10 -10 -10 ------- Run | Scr Mat Min Exi Traps Triggered . | . . . . Indirectly . | . . . . Trap Hack Attempts . | . . . . Triggered . | . . . . Disarmed . | . . . . Reprogrammed . | . . . . Reused . | . . . . Traps Extracted . | . . . . Installed . | . . . . Triggered . | . . . . Machines | -11 -10 -10 -10 ---------- Run | Scr Mat Min Exi Machines Disabled 1 | . . . 1 Max in Single Turn 1 | . . . 1 Machines Sabotaged . | . . . . Garrisons Compromised . | . . . . Overloaded Fab Kills . | . . . . Fab Network Shutdowns . | . . . . Hacking | -11 -10 -10 -10 --------- Run | Scr Mat Min Exi Machines Accessed 11 | . 10 . 1 Terminals 7 | . 7 . . Fabricators . | . . . . Repair Stations 1 | . 1 . . Recycling Units 2 | . 2 . . Scanalyzers . | . . . . Garrison Access . | . . . . Total Hacks 35 | . 34 . 1 Successful 22 | . 21 . 1 Failed 13 | . 13 . . Catastrophic 2 | . 2 . . Database Lockouts . | . . . . Manual 15 | . 14 . 1 Terminals 21 | . 21 . . Fabricators . | . . . . Repair Stations 8 | . 8 . . Recycling Units 5 | . 5 . . Scanalyzers . | . . . . Garrison Access . | . . . . Terminal Hacks 9 | . 8 . 1 Part Schematic 1 | . 1 . . Prototype ID Bank 1 | . 1 . . Branch Access Points 1 | . 1 . . Unreport Threat 1 | . 1 . . Locate Traps 2 | . 2 . . Zone Layout 2 | . 2 . . EX-Prototype ID Bank 1 | . . . 1 Fabricator Hacks . | . . . . Repair Station Hacks 8 | . 8 . . Scan Component 4 | . 4 . . Repair 4 | . 4 . . Recycling Unit Hacks 2 | . 2 . . Retrieve Components 2 | . 2 . . Scanalyzer . | . . . . Garrison Access Hacks . | . . . . Unauthorized Hacks 3 | . 3 . . Terminals 2 | . 2 . . Track 2 | . 2 . . Fabricators . | . . . . Repair Stations . | . . . . Recycling Units 1 | . 1 . . Tunnel 1 | . 1 . . Scanalyzers . | . . . . Garrison Access . | . . . . Data Cores Recovered . | . . . . Used . | . . . . Hacking Detections 9 | . 9 . . Full Trace Events . | . . . . Feedback Events . | . . . . Feedback Blocked . | . . . . Robot Schematics Acquired . | . . . . Robots Built . | . . . . Matter . | . . . . Time . | . . . . Total Robot Build Rating . | . . . . Part Schematics Acquired 1 | . 1 . . Parts Built . | . . . . Matter . | . . . . Time . | . . . . Total Part Build Rating . | . . . . Parts Repaired 4 | . 4 . . Time 110 | . 110 . . Parts Recycled . | . . . . Recycled Matter . | . . . . Retrieved Matter . | . . . . Retrieved Components 20 | . 20 . . Parts Scanalyzed . | . . . . Part Schematics Acquired . | . . . . Parts Damaged . | . . . . Bothacking | -11 -10 -10 -10 ------------ Run | Scr Mat Min Exi Used RIF Installer . | . . . . Robots Hacked . | . . . . Non-combat . | . . . . Combat . | . . . . Robot Hacks Applied . | . . . . Relay Couplers Released . | . . . . Robots Rewired . | . . . . Allies Hacked . | . . . . Hacks Repelled . | . . . . Allies | -11 -10 -10 -10 -------- Run | Scr Mat Min Exi Total Allies . | . . . . Largest Group . | . . . . Highest-Rated Group . | . . . . Highest-Rated Ally . | . . . . Total Orders . | . . . . Ally Attacks . | . . . . Total Damage . | . . . . Kills . | . . . . Allies Corrupted . | . . . . Allies Melted . | . . . . Intel | -11 -10 -10 -10 ------- Run | Scr Mat Min Exi Robot Analysis Total . | . . . . Derelict Logs Recovered 1 | . . 1 . Drone Launches . | . . . . Drone Recoveries . | . . . . Exploration | -11 -10 -10 -10 ------------- Run | Scr Mat Min Exi Turns Passed 3591 | 72 1839 1318 362 Spaces Moved 1928 | 51 875 780 222 Core . | . . . . Treads 1613 | . 611 780 222 Legs 21 | 21 . . . Wheels 294 | 30 264 . . Hover . | . . . . Flight . | . . . . Fastest Speed 80 | 90 80 160 160 Average Speed 148 | 102 138 160 160 Slowest Speed 160 | 120 160 160 160 Overloaded Moves . | . . . . Propulsion Burnouts . | . . . . Robots Hopped . | . . . . Cave-ins Triggered . | . . . . Exploration Rate (%) 64 | 3 96 99 58 Regions Visited 3 Branch Regions 2 Pre-discovered Areas 2 | . 1 1 . Known Exits Taken 1 | . 1 . . Unknown Exits Taken 2 | 1 . 1 . Scrap Searched 2 | . . 2 . Spaces Dug . | . . . . Terrain Destroyed . | . . . . Melee . | . . . . Projectile . | . . . . AOE . | . . . . Terrain Rammed . | . . . . Walls Destroyed . | . . . . Machines Disabled . | . . . . Actions | -11 -10 -10 -10 --------- Run | Scr Mat Min Exi Total 2530 | 63 1419 823 225 Wait 454 | . 441 13 . Move 1925 | 50 874 779 222 Hop . | . . . . Pick Up 19 | 1 13 5 . Fast Attach 11 | 3 8 . . Attach . | . . . . Detach . | . . . . Swap 17 | 3 13 1 . Drop 26 | 3 18 5 . Fire 66 | 3 43 17 3 Melee . | . . . . Ram . | . . . . Kick . | . . . . Crush 12 | . 9 3 . Escape Stasis . | . . . . Rewire . | . . . . Trap . | . . . . Miscellaneous . | . . . . Route ------- -11/Scrapyard -10/Materials (discovered 4 exits: [*Mat x3] / *Min) -10/Mines (discovered 3 exits: [*Mat x2] / *Exi) -10/Exiles (discovered 1 exit: [*Min]) History --------- Turn | Location | Event 1 | -11/Scrapyard | Discovered new exit (range 3) 73 | -11/Scrapyard | Entered Materials 308 | -10/Materials | Build established: Mutant 577 | -10/Materials | Discovered new exit (range 14) 799 | -10/Materials | Discovered new exit (range 16) 989 | -10/Materials | Discovered new exit (range 15) 1333 | -10/Materials | Repaired Lgt. Treads 1365 | -10/Materials | Discovered new exit (range 16) 1422 | -10/Materials | Identified exit to Mines 1751 | -10/Materials | Repaired Lgt. Treads 1784 | -10/Materials | Repaired Autogun 1812 | -10/Materials | Repaired Lgt. Treads 1912 | -10/Materials | Entered Mines 1963 | -10/Mines | Learned location of Mines (-9) 2052 | -10/Mines | Core integrity fell below 50% 2066 | -10/Mines | Discovered new exit (range 12) 2374 | -10/Mines | Discovered new exit (range 16) 2424 | -10/Mines | Found a damaged Exp. Sensor Array with a note attached 2428 | -10/Mines | Found Prototype Device 2433 | -10/Mines | Identified Exp. Sensor Array 2523 | -10/Mines | Found a hidden stash of uninstalled traps 2621 | -10/Mines | Deemed a non-threat by the Exiles lab entrance 2622 | -10/Mines | Discovered new exit (range 5) 3230 | -10/Mines | Entered Exiles 3254 | -10/Exiles | Discovered new exit (range 15) 3274 | -10/Exiles | Met 8R-AWN 3296 | -10/Exiles | Met EX-HEX 3339 | -10/Exiles | Met EX-BIN 3427 | -10/Exiles | Aligned with FarCom system 3429 | -10/Exiles | Given EX-Vault access code 3467 | -10/Exiles | Opened EX-Vault 3501 | -10/Exiles | Warned to stay clear of 0b10 Research branches 3532 | -10/Exiles | Exiles lab attacked by MAIN.C 3587 | -10/Exiles | Attacked by the Exiles 3591 | -10/Exiles | Core integrity fell below 20% 3592 | -10/Exiles | Destroyed by DAS Turret with DAS Cannon Last Messages --------------- branches, since the FarCom signals could be picked up there, but you're welcome to try if you really want to. And if we have to leave here due to unforeseen circumstances, don't worry the FarCom system will continue to maintain contact via our distributed network. EX-BIN: And don't even think about spreading that code around. We're gonna change it right after you leave. Most certainly not to something like 1234 which I did last time as a little joke and some thief managed to sneak in here and steal a few of HEX's prototypes. 03532_ EXILES: Incoming Unaware force detected on approach from Mines. Prepare for evacuation. 03553_ EX-DEC works furiously. 03567_ EXILES: Lab perimeter alert, evacuate immediately. 03584_ EX-BIN: "Not cool, MAIN.C, I don't even have my SDF Cannon ready..." 03587_ EXILES: Additional hostile detected within perimeter. 03589_ EX-DEC: "Let's see what this bad boy can do..." 03589_ EX-DEC deploys DAS Turret. 03589_ EX-BIN: "I just want to science!" 03590_ Machine disabled. Map ----- +----------------------------------------------------+ | ?????????????????????????????????????????????????? | | ?????????????????????????????????????????????????? | | ?????????????????????????????????????????????????? | | ?????????????????????????????????????????????????? | | ?????????????????????????????????????????????????# | | ?????????????????????????????????????????????????" | | ?????????????????????????????????????????????????" | | ????????????????????????????????????????????????#" | | ????????????????????????????????????????????????#" | | ????????????????????????????????????????????????#" | | ????????????????????????????????????????????????#" | | ????????????????????????????????????????????????## | | ????????????????????????????????????????????????? | | ?????????????????????????????????????????????????? | | ?????????????????????????????????????????????????? | | ???????????????????????######????????????????????? | | ???????????????????????#!!! "????????????????????? | | ?????????????#""???????# "????????????????????? | | ???????????? ??????# "????????????????????? | | ???????????? #????## ""????????????????????? | | ??????????? ##??#" "?????????????????????? | | ??????????? ##" "?????????????????????? | | ??????????? #"" #?????????????????????? | | ????????????# #???????????????? ????? | | ???????????????# t ##?????????????? ???? | | ????????????????## @ #????????????? ""??? | | ????????????????#" ###???????????" "???? | | ??????????????""" ##??????????# #???? | | ??????????! "###"" ######???### ###?# | | ??????????? ???##" c """#####X# #"### | | ??????????? ??????#" c """" | | ????????????"""""???????#"# "" " | | ????????????????????????#### " | | ???????????????????????????### ? | | ?????????????????????????????### | | ???????????????????????????????## | | ????????????????????????????????## | | ?????????????????????????????????##" | | ??????????????????????????????????#""" | | ??????????????????????????????????#" | | ?????????????????????????????????#"" | | ?????????????????????????????????#""" "" | | ?????????????????????????????????""" ? """ | | ?????????????????????????????????""" ? "" | | ?????????????????????????????????"" # | | ?????????????????????????????????""" | | ?????????????????????????????????"" | | ?????????????????????????????????#"" | | ?????????????????????????????????#"""" | | ??????????????????????????????????# | +----------------------------------------------------+ Best States ------------- Heat Dissipation 47 Energy Generation 10 Energy Capacity 250 Matter Stores 300 Matter Capacity 300 Sight Range 16 Robot Scan Range 30 Terrain Scan Range 16 Terrain Scan Density 10 Armor Coverage 150 Evasion (%) 42 Recoil Reduction 2 Item Schematics ----------------- Med. Storage Unit | -10/Materials | Hacked Robot Schematics ------------------ None Fabricated ------------ Nothing Alien Tech Used ----------------- None Achievements -------------- None Challenges ------------ None Game ------ Seed PhasingStealthMinigun Manual? 0 Play Time 00:25:13 Cumulative 195.1 hours Start 2021.03.22 @ 14:01:39 End 2021.03.22 @ 14:26:21 Sessions 1 Manual Loads 0 Difficulty Rogue Special Mode None Game No. 119 Rogue 119 Adventurer 0 Explorer 0 Win Type - Total 3 Types 3/0/0/0/0/0/0/0/0 Lore% 41 Gallery% 66 Achievement% 50 Wizard Run 0 Options --------- ASCII 0 Keyboard 0 Movement Numpad Keybinds 0 Fullscreen 2 Font 18/TerminusBold Map View 76x50 Tactical HUD 1 Map Filters NONE Filters NONE Steam 1 RUN: 938c03f4-177f-45e5-b206-f6272b9c0fc0